Map: 16-Bit LE

Players

Harstem - Winner!

  • Race: Protoss Protoss
  • League: Master
  • Spawn Location: 1:00

RiSky

  • Race: Zerg Zerg
  • League: Master
  • Spawn Location: 7:00

Event: HomeStory Cup XVII

VOD

Have the link to the VOD?

Description

Time

  • Played on: June 28, 2018, 10:06 a.m.
  • Length: 11:14

All games in this series

Show
View Real Time Build Order
Export as new Build Order

Harstem Protoss - Winner!

Build Orders: 1 Gate Expand, Oracle Opening, Phoenix Opening, Zealot Archon 

Get SALT Encoding   

  12  0:01  Probe  
  13  0:13  Probe  
  14  0:18  Pylon  
  14  0:24  Probe  
  15  0:33  Probe  
  15  0:39  Gateway  
  15  0:41  Probe  
  17  0:51  Probe  
  17  0:52  Assimilator  
  18  1:03  Probe  
  19  1:15  Probe  
  20  1:25  Nexus  
  20  1:34  Cybernetics Core  
  20  1:38  Probe  
  21  1:43  Assimilator  
  21  1:50  Probe  
  21  1:53  Pylon  
  22  2:02  Adept, Probe  
  23  2:14  Probe  
  26  2:17  Stargate  
  26  2:25  Probe  
  26  2:28  Adept  
  29  2:31  Warp Gate  
  29  2:33  Probe  
  29  2:40  Probe  
  29  2:41  Probe  
  31  2:50  Oracle  
  32  2:52  Probe  
  32  2:53  Probe  
  34  3:04  Probe  
  34  3:05  Probe  
  39  3:16  Probe  
  39  3:17  Probe  
  39  3:18  Oracle  
  41  3:23  Pylon  
  41  3:28  Probe  
  41  3:29  Probe  
  46  3:40  Nexus  
  46  3:41  Probe  
  47  3:45  Pylon  
  47  3:46  Probe  
  48  3:49  Assimilator  
  48  3:51  Phoenix  
  48  3:53  Probe  
  48  3:55  Assimilator  
  49  4:01  Probe  
  52  4:11  Gateway, Probe  
  52  4:14  Probe  
  54  4:20  Probe  
  55  4:25  Robotics Facility  
  55  4:26  Probe  
  55  4:29  Probe  
  56  4:32  Gateway  
  56  4:34  Shield Battery  
  57  4:38  Adept  
  57  4:39  Probe  
  57  4:42  Pylon  
  57  4:45  Probe  
  61  4:49  Forge  
  61  4:54  Probe  
  61  4:57  Probe  
  61  4:58  Probe  
  64  5:04  Twilight Council  
  64  5:06  Probe  
  65  5:09  Probe  
  65  5:10  Probe  
  67  5:18  Probe  
  67  5:19  Observer, Pylon  
  67  5:21  Probe  
  69  5:22  Probe  
  71  5:28  Zealot  
  71  5:29  Probe  
  71  5:30  Probe, Pylon  
  71  5:32  Pylon  
  71  5:34  Probe  
  76  5:37  Probe  
  77  5:43  Probe  
  77  5:46  Probe  
  77  5:48  Probe  
  78  5:52  Assimilator  
  78  5:55  Charge, Assimilator, Gateway x2, Probe, Protoss Ground Weapons Level 1  
  79  5:57  Gateway, Pylon  
  79  5:58  Probe  
  79  6:02  Zealot  
  79  6:03  Zealot x2  
  87  6:08  Templar Archives, Warp Prism  
  87  6:09  Probe  
  87  6:18  Gateway  
  87  6:19  Gateway  
  87  6:21  Probe  
  87  6:22  Pylon  
  87  6:24  Shield Battery  
  90  6:34  Immortal  
  90  6:37  Zealot  
  92  6:46  High Templar x2  
  100  6:51  Archon  
  100  6:52  Psionic Storm  
  100  6:53  Nexus  
  100  6:57  High Templar x3  
  100  6:58  Gateway, High Templar  
  108  7:02  Archon x2  
  108  7:03  Gateway, Probe  
  109  7:11  Probe, Pylon  
  110  7:18  Immortal  
  110  7:19  High Templar x3  
  116  7:23  Photon Cannon  
  116  7:25  Probe x2  
  116  7:26  Pylon  
  122  7:30  High Templar  
  122  7:34  Probe  
  122  7:35  Shield Battery  
  122  7:37  Shield Battery  
  125  7:40  Assimilator  
  125  7:44  Assimilator  
  125  7:45  Zealot x3  
  125  7:48  Pylon  
  127  7:52  High Templar x2, Pylon  
  127  7:53  Zealot x2  
  127  7:57  Archon  
  127  7:58  Probe x2  
  137  7:59  Protoss Ground Weapons Level 2  
  137  8:07  Zealot  
  137  8:08  Probe x2  
  137  8:10  Probe  
  137  8:11  Probe  
  143  8:14  Shield Battery  
  143  8:16  High Templar x2, Shield Battery  
  143  8:17  Zealot x4  
  155  8:21  Archon  
  155  8:22  Zealot  
  153  8:30  Probe  
  153  8:33  Probe x2  
  151  8:35  High Templar x2  
  151  8:36  Photon Cannon  
  151  8:39  Probe  
  151  8:41  Photon Cannon, Probe  
  154  8:43  Archon  
  154  8:45  Probe  
  154  8:46  Probe, Shield Battery  
  157  8:52  High Templar x2  
  157  8:53  Probe  
  159  8:57  Probe  
  158  9:04  Zealot  
  158  9:08  Zealot x7  
  166  9:14  Oracle  
  166  9:24  Fleet Beacon  
  164  9:25  Pylon  
  164  9:26  Photon Cannon, Stargate  
  164  9:27  Pylon  
  144  9:33  High Templar x2  
  144  9:38  Zealot x6  
  158  9:39  Archon  
  154  9:51  Archon  
  154  9:52  Zealot x2  
  146  10:00  Zealot x6  
  156  10:12  Probe  
  161  10:17  Zealot x4  
  169  10:24  High Templar x2  
  169  10:25  High Templar x4  
  183  10:44  Probe  
  183  10:46  Pylon  
  183  10:48  Photon Cannon, Pylon  
  184  10:50  Photon Cannon  
  184  10:51  Photon Cannon  
  168  10:59  Zealot  
  168  11:00  Pylon, Zealot x4  
  168  11:01  Nexus  
  168  11:02  Assimilator  
  168  11:03  Assimilator  
  174  11:05  High Templar x3  
  174  11:06  High Templar  
  174  11:09  Archon  
Show
View Real Time Build Order
Export as new Build Order

RiSky Zerg 

Build Orders: Hatch First 

Get SALT Encoding   

  12  0:00  Drone  
  13  0:12  Overlord  
  13  0:17  Drone  
  14  0:30  Drone x2  
  14  0:34  Drone  
  17  0:53  Hatchery  
  17  0:56  Drone  
  17  0:59  Drone  
  18  1:09  Extractor  
  17  1:14  Spawning Pool  
  17  1:17  Drone  
  17  1:20  Drone  
  18  1:28  Drone  
  19  1:38  Overlord  
  19  1:49  Drone  
  20  2:00  Queen, Drone  
  23  2:04  Queen  
  23  2:05  Zergling x2  
  26  2:08  Metabolic Boost  
  26  2:11  Drone  
  28  2:15  Zergling x2  
  28  2:23  Drone  
  28  2:27  Drone  
  30  2:33  Drone  
  31  2:43  Hatchery  
  30  2:44  Overlord  
  30  2:50  Drone  
  31  2:54  Drone  
  31  2:55  Queen  
  34  2:59  Drone  
  35  3:05  Drone  
  35  3:08  Zergling x2  
  35  3:11  Drone  
  38  3:15  Drone  
  38  3:17  Overlord  
  38  3:19  Drone  
  39  3:21  Evolution Chamber  
  39  3:22  Drone x2  
  39  3:24  Drone  
  41  3:29  Drone  
  41  3:31  Spore Crawler  
  41  3:36  Overlord  
  41  3:39  Drone x2  
  41  3:41  Drone  
  44  3:46  Drone x2  
  44  3:48  Zerg Melee Weapons Level 1  
  46  3:49  Drone  
  46  3:53  Drone x2  
  49  3:56  Drone  
  49  3:59  Spore Crawler  
  49  4:09  Spore Crawler, Drone x2  
  50  4:10  Drone  
  50  4:12  Extractor  
  50  4:13  Drone  
  50  4:15  Queen, Drone x2  
  54  4:19  Drone  
  54  4:21  Overlord  
  54  4:23  Drone x3  
  58  4:28  Drone  
  58  4:30  Zergling x2  
  60  4:32  Zergling x2  
  60  4:33  Queen  
  63  4:41  Overlord x2  
  63  4:42  Lair  
  63  4:44  Drone  
  64  4:46  Drone  
  64  4:47  Overlord  
  64  4:51  Overlord  
  65  4:57  Baneling Nest  
  65  4:58  Spine Crawler, Queen  
  65  5:00  Zergling x2  
  65  5:03  Drone x2  
  68  5:07  Drone x2  
  68  5:08  Drone x2  
  68  5:13  Drone  
  73  5:14  Zergling x2  
  73  5:17  Queen  
  73  5:19  Zergling x2  
  77  5:23  Zergling x4, Extractor  
  77  5:24  Extractor  
  77  5:25  Zergling x4  
  79  5:28  Zergling x2  
  79  5:31  Overlord  
  79  5:34  Queen  
  82  5:38  Drone x2  
  82  5:40  Overlord  
  84  5:45  Overlord  
  84  5:46  Drone x2  
  84  5:49  Hatchery  
  84  5:50  Drone x2  
  84  5:51  Zerg Melee Weapons Level 2  
  84  5:53  Hydralisk Den, Extractor x2  
  84  5:55  Drone  
  84  6:01  Overlord  
  84  6:03  Drone x2  
  86  6:04  Drone x2  
  86  6:09  Drone, Centrifical Hooks  
  89  6:14  Overlord  
  89  6:15  Drone  
  90  6:23  Muscular Augments  
  90  6:24  Hatchery  
  89  6:25  Hydralisk  
  89  6:26  Hydralisk  
  89  6:30  Drone x2  
  95  6:33  Hydralisk x2  
  95  6:35  Hydralisk  
  95  6:39  Hydralisk  
  103  6:42  Drone x2  
  103  6:46  Hydralisk x2  
  109  6:48  Overlord x2  
  109  6:50  Drone  
  109  6:53  Drone x3  
  113  6:55  Drone  
  113  7:01  Drone x2  
  113  7:03  Drone  
  113  7:07  Drone  
  113  7:08  Drone x2  
  119  7:09  Drone x2  
  119  7:10  Drone x3  
  119  7:13  Hydralisk x2  
  127  7:17  Hydralisk  
  127  7:18  Baneling x2  
  127  7:19  Baneling x2  
  127  7:21  Hydralisk x2  
  133  7:27  Hydralisk x3  
  138  7:31  Zergling x4  
  138  7:32  Zergling x4  
  138  7:35  Zergling x2  
  143  7:38  Grooved Spines  
  143  7:40  Zergling x8  
  143  7:42  Overlord  
  147  7:46  Overlord  
  147  7:48  Zergling x4  
  147  7:49  Zergling x2  
  150  7:53  Overlord x2  
  150  8:01  Baneling x7  
  150  8:02  Overlord  
  150  8:03  Zergling x14  
  150  8:04  Zergling x4  
  158  8:08  Baneling x9  
  158  8:10  Zergling x6  
  161  8:14  Zergling x2  
  161  8:15  Zergling x8  
  161  8:18  Zerg Missile Weapons Level 1  
  161  8:19  Zergling x6  
  165  8:29  Zergling x16  
  165  8:32  Zergling x8  
  165  8:33  Zergling x2  
  174  8:41  Zergling x12  
  175  8:46  Zergling x2  
  178  8:48  Baneling  
  178  8:49  Baneling x21  
  178  8:50  Baneling x4  
  178  8:52  Hatchery  
  178  8:53  Hydralisk x2  
  181  8:56  Zergling x6  
  181  8:58  Zergling x6  
  186  9:04  Zergling x6  
  186  9:06  Baneling x11  
  186  9:13  Zergling x14  
  173  9:17  Zergling x2  
  173  9:18  Zergling x4  
  176  9:27  Zergling x14  
  178  9:37  Zergling x8  
  182  9:39  Overlord  
  171  9:45  Zergling x2  
  171  9:46  Hatchery, Zergling x8  
  171  9:51  Zergling x4  
  171  9:52  Zergling x4  
  153  9:55  Zergling x4  
  153  9:57  Hydralisk  
  152  10:01  Hydralisk x2  
  152  10:04  Hydralisk x2  
  150  10:07  Hydralisk  
  144  10:14  Hydralisk  
  144  10:15  Hydralisk x3  
  144  10:17  Hydralisk  
  150  10:22  Baneling x15  
  150  10:27  Zergling x8  
  154  10:31  Zergling x2  
  155  10:38  Zergling x8  
  154  10:45  Zergling x10  
  154  10:48  Baneling x9  
  154  10:49  Baneling x13  
  159  10:56  Zergling x12  
Tags
 
Add a new tag
Caveats
  • Supply blocks, unpowered buildings, or Contaminate may cause inaccurate times.
  • Supply counts are checked every 10 seconds.